 Dungeon Crawl Stone Soup version 0.17.1-2-g5865329 (webtiles) character file.

70 Gargoyl the Skirmisher (level 4, -3/36 HPs)
             Began as a Demonspawn Abyssal Knight on Jan 10, 2016.
             Was a Follower of Lugonu.
             Killed by divine providence
             ... invoked by an orc priest
              (13 damage)
             ... on level 3 of the Dungeon.
             The game lasted 00:03:19 (2265 turns).

Gargoyl the Skirmisher (Demonspawn Abyssal Knight)  Turns: 2265, Time: 00:03:19

Health: -3/36      AC: 12    Str: 14    XL:     4   Next: 4%
Magic:  6/6        EV:  9    Int: 18    God:    Lugonu [*.....]
Gold:   109        SH:  0    Dex: 11    Spells: 0 memorised, 3 levels left

rFire  . . .     SeeInvis .     a - +1 hand axe
rCold  . . .     Clarity  .     t - +0 scale mail
rNeg   . . .     SustAt   +     (no shield)
rPois  .         Gourm    .     x - +0 helmet
rElec  .         Spirit   .     (no cloak)
rCorr  .         Warding  .     (no gloves)
rMut   .         Stasis   .     e - +0 pair of boots
MR     .....                    (no amulet)
Stlth  ..........               (no ring)
                                k - ring of sustain attributes

@: brilliant, very slightly contaminated, hasted, very quick, not resistant to
hostile enchantments, extremely unstealthy
A: talons 1, rough black scales 1, powered by pain 1
a: Depart the Abyss, Renounce Religion


You were on level 3 of the Dungeon.
You worshipped Lugonu.
Lugonu was aware of your devotion.
You were not hungry.

You visited 1 branch of the dungeon, and saw 3 of its levels.
You visited the Abyss 1 time.

You collected 109 gold pieces.

Inventory:

Hand Weapons
 a - a +1 hand axe (weapon)
Missiles
 l - 4 tomahawks (quivered)
Armour
 e - a +0 pair of boots (worn)
 t - a +0 scale mail (worn)
 x - a +0 helmet (worn)
Jewellery
 k - a ring of sustain attributes (left hand)
Scrolls
 d - 7 scrolls of identify {unknown}
 f - a scroll of magic mapping {unknown}
 i - a scroll of noise {unknown}
 j - 3 scrolls of fear {unknown}
 m - a scroll of amnesia {unknown}
 n - a scroll of teleportation {unknown}
 r - a scroll of remove curse {unknown}
 v - a scroll of immolation {unknown}
 w - a scroll of fog {unknown}
Potions
 b - a potion of haste
 h - a potion of might {unknown}
 o - a potion of lignification {unknown}
 s - a potion of curing {unknown}
Comestibles
 c - a royal jelly
 p - a slice of pizza
 q - a meat ration
 u - 3 bread rations
 z - a beef jerky


   Skills:
 + Level 3.6 Fighting
 + Level 2.0 Axes
 + Level 0.3 Throwing
 + Level 2.6 Armour
 + Level 1.1 Dodging
 + Level 0.4 Stealth
 + Level 2.9 Invocations


You had 3 spell levels left.
You didn't know any spells.

Dungeon Overview and Level Annotations

Branches:
Dungeon (3/15)

Altars:
Xom


Innate Abilities, Weirdness & Mutations

You have sharp toenails.
You are partially covered in rough black scales (AC +4, Dex -1).
You sometimes gain a little power by taking damage.


Message History

You hit the orc but do no damage. The orc barely misses you.
The orc priest casts a cantrip, but nothing happens.
The orc hits you but does no damage. The orc hits you with a flail.
Unknown command.
You closely miss the orc. You hit the orc.
The orc is heavily wounded.
Your scale mail prevents you from hitting the orc.
The orc hits you but does no damage. x3
Unknown command.
Drink which item? (? for menu, Esc to quit)
It was a potion of haste.
You feel yourself speed up. The orc barely misses you.
The orc hits you with a dagger.
* * * LOW HITPOINT WARNING * * *
You are very lightly contaminated with residual magic.
Drink which item? (? for menu, Esc to quit)
It was a potion of brilliance.
You feel clever all of a sudden.
The orc priest calls down the wrath of Beogh upon you.
Something smites you!
You die...

## #.....# ..
#.....#
.......###.....#
#!.............#
#..............#
#...... oo....#
#.....# #oo...#
#.....###@o.%.#
#.............#
#.........#####
#.........#
##.#......#
#........#
##.......# ###
#....†.## ....
##.....# ###....


You could see an orc priest and 4 orcs.

Vanquished Creatures
  Robin (D:3)
  An adder (D:3)
  An orc (D:3)
  6 bats
  5 hobgoblins
  4 jackals (D:1)
  3 kobolds
  A giant cockroach (D:2)
  2 giant geckos
  A giant newt (D:2)
  17 goblins
  2 rats (D:2)
44 creatures vanquished.

Notes
Turn   | Place    | Note
--------------------------------------------------------------
     0 | Abyss:1  | Gargoyl the Demonspawn Abyssal Knight began the quest for the Orb.
     0 | Abyss:1  | Reached XP level 1. HP: 18/18 MP: 2/2
    59 | Abyss:1  | Noticed a rakshasa
    62 | D:1      | Escaped the Abyss
   380 | D:1      | Reached skill level 1 in Dodging
   388 | D:1      | Reached * piety under Lugonu
   388 | D:1      | Gained mutation: You sometimes gain a little power by taking damage. [demonic ancestry]
   388 | D:1      | Reached XP level 2. HP: 4/24 MP: 4/4
   938 | D:2      | Found a shimmering altar of Xom.
  1365 | D:2      | Gained mutation: You have sharp toenails. [demonic ancestry]
  1365 | D:2      | Reached XP level 3. HP: 29/29 MP: 5/5
  1948 | D:3      | Noticed Robin
  1966 | D:3      | Killed Robin
  2243 | D:3      | Gained mutation: You are partially covered in rough black scales (AC +4, Dex -1). [demonic ancestry]
  2243 | D:3      | Reached XP level 4. HP: 32/36 MP: 6/6
  2265 | D:3      | Killed from afar by an orc priest

Action                   |  1- 3 |  4- 6 || total
-------------------------+-------+-------++-------
Melee: Hand axe          |   109 |     6 ||   115
Throw: Tomahawk          |     7 |       ||     7
Invok: Depart the Abyss  |     1 |       ||     1
  Use: Potion            |       |     2 ||     2
  Eat: Bread ration      |     1 |       ||     1
